Map: Persephone LE

Players

BabyMarine - Winner!

  • Race: Terran Terran
  • Spawn Location: 11:00

Mixu

  • Race: Zerg Zerg
  • League: Master
  • Spawn Location: 7:00

Event: HomeStory Cup XXVII

VOD

Have the link to the VOD?

Description

Time

  • Played on: June 27, 2025, 1:23 p.m.
  • Length: 17:32

All games in this series

Show
View Real Time Build Order
Export as new Build Order

BabyMarine Terran - Winner!

Build Orders: Reaper Expand, Hellion Banshee 

Get SALT Encoding   

  12  0:00  SCV  
  13  0:12  SCV  
  14  0:17  Supply Depot  
  14  0:24  SCV  
  15  0:39  SCV  
  15  0:40  Barracks  
  16  0:44  Refinery  
  16  0:51  SCV  
  17  1:03  SCV  
  18  1:15  SCV  
  19  1:28  Orbital Command, Reaper  
  20  1:40  Command Center  
  20  1:49  Supply Depot  
  20  1:53  SCV  
  21  1:59  Marine  
  22  2:07  SCV  
  23  2:12  Factory  
  23  2:19  SCV  
  23  2:21  Barracks Reactor  
  24  2:31  SCV  
  25  2:43  Command Center  
  25  2:48  SCV  
  26  2:53  Orbital Command  
  26  3:03  Starport, SCV  
  27  3:07  Refinery  
  27  3:12  Hellion  
  29  3:22  Hellion  
  29  3:23  SCV  
  29  3:24  SCV  
  32  3:27  Barracks Tech Lab  
  32  3:33  Hellion  
  34  3:36  SCV  
  34  3:37  SCV  
  36  3:43  Hellion  
  38  3:49  SCV x2  
  38  3:50  Banshee  
  38  3:54  Orbital Command  
  43  3:58  Cloaking Field  
  43  4:01  Hellion, SCV  
  46  4:06  Hellion, SCV  
  46  4:08  Barracks Tech Lab  
  49  4:14  Supply Depot  
  49  4:16  SCV  
  50  4:18  SCV  
  50  4:20  SCV  
  54  4:28  SCV  
  54  4:31  Barracks, SCV  
  54  4:32  Banshee, SCV  
  58  4:40  Supply Depot, Stimpack  
  58  4:41  SCV  
  58  4:43  Orbital Command, SCV  
  60  4:47  Marine  
  60  4:49  Factory Reactor  
  60  4:51  Barracks  
  61  4:53  SCV  
  61  4:58  Refinery x2  
  61  4:59  SCV  
  63  5:00  Engineering Bay x2  
  63  5:05  Marine  
  63  5:06  Supply Depot, SCV  
  65  5:09  SCV  
  65  5:11  SCV  
  67  5:18  SCV  
  68  5:21  SCV  
  68  5:22  Marine x3  
  68  5:23  SCV  
  73  5:29  Supply Depot, Starport Reactor  
  73  5:30  Supply Depot, SCV  
  73  5:33  Terran Infantry Armor Level 1, SCV, Terran Infantry Weapons Level 1  
  75  5:37  SCV  
  75  5:38  Supply Depot  
  75  5:39  Supply Depot  
  75  5:40  Marine  
  75  5:42  SCV  
  78  5:45  Marine, Siege Tank  
  78  5:46  Marine  
  78  5:47  SCV  
  84  5:50  Marine x2, SCV  
  84  5:56  SCV  
  88  5:58  Marine  
  88  6:00  Barracks  
  88  6:02  SCV x2  
  88  6:03  Barracks, Marine x2  
  93  6:07  Medivac  
  93  6:08  Medivac  
  93  6:10  Marine  
  93  6:11  Marine  
  99  6:17  Marine, SCV x2  
  102  6:19  SCV  
  102  6:23  Combat Shield  
  102  6:24  Siege Tank  
  105  6:28  Marine x2  
  105  6:29  SCV  
  105  6:31  Supply Depot, Marine  
  105  6:32  Supply Depot, Marine  
  110  6:33  SCV  
  110  6:36  SCV  
  112  6:40  Marine  
  112  6:41  SCV  
  112  6:43  Refinery  
  112  6:44  Refinery  
  112  6:45  Armory  
  112  6:46  Marine  
  115  6:48  Supply Depot  
  115  6:50  Barracks Reactor x2  
  115  6:54  SCV x3  
  115  6:55  Marine x2, Factory  
  115  6:59  Marine x2  
  122  7:03  Siege Tank  
  122  7:06  SCV x2  
  127  7:09  Marine  
  127  7:12  Marine  
  129  7:18  Marine x2  
  129  7:19  Marine  
  130  7:27  Marine  
  130  7:28  SCV x2  
  133  7:30  Marine  
  133  7:31  Marine x2  
  133  7:33  SCV  
  133  7:36  Marine x2  
  138  7:39  Marine x3  
  138  7:40  Factory Reactor  
  138  7:41  Terran Infantry Armor Level 2, Terran Infantry Weapons Level 2  
  138  7:43  SCV x2  
  139  7:50  Command Center  
  139  7:55  Marine x3  
  139  7:56  Marine x3  
  145  7:59  Supply Depot x2  
  145  8:00  Medivac x2  
  149  8:19  Marine x4  
  156  8:20  Siege Tank  
  156  8:21  Marine x2  
  156  8:22  Marine x2  
  156  8:25  Drilling Claws  
  156  8:26  Widow Mine x2  
  164  8:30  Medivac x2  
  168  8:35  Barracks  
  168  8:36  Barracks  
  168  8:41  Barracks  
  168  8:45  Marine  
  168  8:46  Marine x3  
  173  8:52  Supply Depot  
  173  8:54  Supply Depot, Marine  
  173  9:01  Marine x2  
  173  9:02  Siege Tank, Widow Mine x2  
  182  9:03  Marine  
  182  9:07  Medivac x2  
  182  9:09  SCV  
  188  9:12  Marine x2, SCV  
  188  9:13  Marine x2  
  188  9:14  SCV  
  187  9:21  SCV  
  187  9:23  Marine x3  
  191  9:26  SCV  
  191  9:29  SCV  
  191  9:30  Widow Mine  
  191  9:31  Widow Mine  
  197  9:34  Siege Tank, SCV  
  197  9:37  Planetary Fortress  
  199  9:43  Marine x3  
  199  9:44  Marine  
  173  9:47  Marine x3  
  173  9:49  SCV  
  173  9:52  Widow Mine x2  
  176  9:57  Barracks Tech Lab x2  
  176  9:58  Barracks Tech Lab  
  176  10:00  Marine  
  176  10:04  Command Center  
  179  10:08  Terran Infantry Weapons Level 3  
  179  10:10  Terran Infantry Armor Level 3  
  179  10:11  Sensor Tower, Marine  
  179  10:12  Marine  
  181  10:15  Widow Mine x2  
  181  10:16  Siege Tank  
  181  10:17  Marauder x2, Marine  
  181  10:18  SCV  
  181  10:19  SCV  
  193  10:27  Marine  
  193  10:28  Marine x3  
  194  10:31  Marauder x2  
  194  10:34  Marine, SCV  
  197  10:38  SCV  
  185  10:51  Command Center, Supply Depot  
  185  10:52  Factory Reactor  
  185  10:53  Supply Depot  
  185  11:10  Supply Depot x2  
  185  11:11  Supply Depot  
  185  11:15  Liberator x2  
  185  11:16  Marauder, Widow Mine  
  195  11:18  Supply Depot  
  195  11:20  Command Center, Supply Depot  
  195  11:21  Sensor Tower  
  195  11:29  Concussive Shells  
  195  11:31  Widow Mine  
  197  11:33  Widow Mine  
  193  11:52  Marauder x2, Marine x2  
  196  11:58  Marauder x2  
  200  12:01  Command Center  
  200  12:08  Marine x2  
  180  12:09  Marine x3  
  180  12:13  Marauder  
  180  12:14  Marauder  
  180  12:15  Marine  
  180  12:16  Widow Mine x3  
  180  12:17  Medivac x2  
  180  12:20  Marauder x2, SCV  
  194  12:26  Marine  
  186  12:35  Barracks Tech Lab  
  186  12:38  SCV  
  186  12:44  Marauder x2, Marine x2  
  190  12:47  Medivac x2  
  190  12:48  SCV  
  190  12:50  SCV  
  191  12:59  Widow Mine x3  
  191  13:00  Widow Mine  
  196  13:06  SCV  
  196  13:10  Terran Vehicle And Ship Armor Level 1  
  196  13:12  Ghost Academy  
  197  13:14  Sensor Tower  
  197  13:17  Missile Turret, Orbital Command, Liberator  
  193  13:51  Marauder x2  
  193  13:52  Widow Mine x2  
  193  13:53  SCV  
  193  13:54  Marauder, Marine x2  
  200  14:15  Personal Cloaking  
  200  14:19  Orbital Command  
  197  14:36  SCV x2  
  197  14:40  SCV  
  197  14:43  Planetary Fortress  
  198  14:47  SCV  
  198  14:51  SCV  
  200  15:02  SCV  
  200  15:13  Widow Mine x2  
  192  15:17  Marauder x2, Marine x4  
  193  15:24  Marine  
  193  15:25  Marauder x2, Widow Mine x2  
  193  15:27  Marauder, Marine, SCV  
  196  15:34  Marine x2, Medivac x2  
  196  15:35  Marine x2  
  199  15:39  Marauder  
  199  15:43  Marine  
  199  15:48  Neosteel Armor  
  200  15:53  Marauder x2  
  196  16:01  Command Center  
  196  16:02  Command Center  
  199  16:06  Barracks  
  199  16:07  Barracks  
  199  16:08  Barracks  
  198  16:13  SCV  
  198  16:14  SCV  
  198  16:16  SCV  
  193  16:19  Marauder x2  
  193  16:21  SCV  
  193  16:22  Marine, SCV  
  193  16:23  Marine  
  193  16:25  Liberator x2  
  189  16:26  Widow Mine x3  
  189  16:27  SCV, Widow Mine  
  189  16:32  Marauder, Unknown, SCV  
  190  16:37  SCV  
  190  16:39  Marauder, Unknown, SCV x2  
  192  16:40  Marauder x2  
  192  16:43  SCV  
  192  16:46  Barracks  
  196  16:47  Refinery  
  196  16:48  Marauder, Unknown  
  197  16:54  Marauder, Command Center  
  197  16:58  Command Center  
Show
View Real Time Build Order
Export as new Build Order

Mixu Zerg 

Build Orders: Hatch First 

Get SALT Encoding   

  12  0:00  Drone  
  13  0:08  Drone  
  13  0:14  Extractor  
  13  0:15  Drone  
  13  0:21  Overlord  
  15  0:39  Drone  
  16  0:45  Hatchery  
  16  0:48  Drone  
  16  0:52  Drone  
  16  0:55  Drone  
  18  1:05  Extractor  
  18  1:10  Spawning Pool  
  16  1:13  Drone  
  16  1:17  Drone  
  18  1:26  Drone  
  19  1:37  Drone  
  20  1:48  Overlord  
  20  1:57  Queen x2  
  20  1:58  Zergling x4  
  26  2:08  Drone  
  26  2:09  Drone  
  28  2:18  Drone  
  28  2:20  Drone  
  30  2:29  Drone  
  31  2:31  Drone  
  31  2:34  Spore Crawler  
  31  2:36  Metabolic Boost  
  32  2:38  Hatchery  
  32  2:40  Drone  
  32  2:45  Overlord  
  32  2:51  Drone  
  33  2:52  Drone  
  33  2:57  Queen  
  36  3:04  Drone x2  
  38  3:10  Drone x3  
  41  3:13  Overlord  
  41  3:18  Drone  
  42  3:21  Queen  
  44  3:29  Overlord  
  44  3:31  Drone  
  45  3:35  Queen  
  45  3:36  Drone  
  45  3:39  Drone x2  
  45  3:40  Drone x2  
  52  3:45  Overlord  
  52  3:48  Drone x3  
  52  3:50  Drone  
  56  3:56  Queen  
  56  3:57  Drone  
  56  4:00  Drone x2  
  61  4:07  Zergling x2  
  62  4:10  Zergling x6  
  62  4:13  Drone x4  
  62  4:15  Overlord  
  69  4:21  Drone  
  70  4:25  Evolution Chamber  
  70  4:26  Overlord  
  70  4:27  Drone  
  70  4:35  Drone  
  70  4:36  Drone x2  
  70  4:37  Lair  
  72  4:40  Drone  
  72  4:42  Drone x3  
  76  4:47  Overlord  
  76  4:48  Drone x4  
  76  4:50  Spore Crawler  
  76  4:51  Spore Crawler  
  76  4:52  Zerg Ground Armor Level 1, Spore Crawler  
  77  4:57  Hatchery  
  76  5:00  Drone x2  
  76  5:01  Drone  
  76  5:02  Drone, Extractor  
  76  5:04  Extractor  
  76  5:05  Drone x2, Extractor  
  79  5:10  Drone  
  79  5:12  Zergling x8  
  83  5:17  Drone  
  83  5:18  Queen  
  83  5:19  Baneling Nest, Extractor  
  83  5:20  Zergling x2  
  85  5:23  Drone x2  
  85  5:24  Drone x2  
  88  5:31  Drone x4, Overlord  
  88  5:34  Evolution Chamber  
  90  5:37  Zergling x2  
  90  5:39  Hatchery  
  90  5:45  Overseer  
  90  5:48  Drone  
  91  5:53  Drone x3  
  91  5:54  Drone  
  91  5:55  Drone x3  
  99  6:03  Hatchery  
  98  6:05  Zergling x14  
  104  6:12  Zergling x6, Zerg Melee Weapons Level 1  
  104  6:14  Centrifugal Hooks  
  104  6:18  Infestation Pit  
  105  6:22  Zergling x14  
  111  6:26  Zergling x2  
  112  6:36  Burrow, Overlord x4, Hatchery  
  112  6:38  Baneling x7  
  110  6:40  Drone  
  110  6:45  Overlord x2  
  111  6:58  Zergling x18  
  120  7:01  Hive  
  120  7:02  Zerg Ground Armor Level 2  
  120  7:03  Zergling x4  
  120  7:04  Baneling x4  
  120  7:05  Spore Crawler  
  121  7:13  Zergling x12  
  127  7:17  Zergling x6  
  127  7:21  Zergling x2  
  131  7:24  Zergling x6  
  131  7:29  Zergling x8  
  138  7:31  Spore Crawler  
  138  7:34  Zergling x2  
  138  7:36  Queen  
  131  7:38  Drone x12  
  139  7:45  Zergling x4  
  139  7:48  Baneling x23  
  139  7:51  Zergling x6  
  144  7:56  Zergling x14, Baneling x2  
  151  7:59  Overlord  
  151  8:00  Zergling x4  
  151  8:02  Overlord  
  153  8:10  Overlord  
  153  8:11  Zergling x14  
  156  8:18  Zergling x8  
  159  8:21  Zergling x6  
  159  8:24  Zergling x6  
  159  8:26  Adrenal Glands  
  163  8:27  Ultralisk Cavern  
  163  8:28  Zergling x4  
  164  8:38  Drone x2  
  164  8:39  Drone, Zerg Melee Weapons Level 2  
  164  8:41  Zergling x18  
  176  8:44  Drone x5  
  176  8:47  Zergling x10  
  180  8:53  Drone x6  
  180  8:55  Baneling x2  
  183  9:02  Drone x2  
  185  9:07  Viper x2  
  185  9:08  Extractor  
  190  9:10  Zergling x12  
  190  9:13  Zergling x14  
  190  9:16  Zergling x4  
  194  9:17  Hatchery  
  194  9:19  Zergling x6  
  195  9:26  Zergling x6  
  195  9:27  Baneling x3  
  195  9:28  Zergling x12  
  183  9:32  Ultralisk x2  
  183  9:34  Overlord  
  183  9:37  Zergling x8  
  195  9:43  Zergling x8  
  185  9:48  Ultralisk  
  185  9:50  Chitinous Plating  
  185  9:52  Zergling x10  
  188  10:02  Drone x6  
  188  10:04  Extractor x2  
  188  10:05  Zergling x6  
  194  10:07  Zerg Ground Armor Level 3  
  194  10:10  Zergling x4  
  194  10:12  Hatchery  
  195  10:16  Zergling x8  
  199  10:23  Zergling x4  
  199  10:24  Baneling x11  
  199  10:25  Zergling x2  
  200  10:34  Zergling x18  
  190  10:36  Zergling x8  
  190  10:41  Zergling x8  
  168  10:43  Zergling x8  
  168  10:46  Viper x2  
  164  10:51  Zergling x2, Queen  
  164  10:53  Zergling x12  
  173  10:58  Zerg Melee Weapons Level 3  
  173  10:59  Zergling x6  
  179  11:04  Zergling x8  
  179  11:07  Zergling x4  
  179  11:18  Baneling x16  
  179  11:19  Zergling x12  
  179  11:20  Hatchery  
  179  11:22  Baneling x3  
  179  11:23  Zergling x8  
  188  11:28  Zergling x10  
  188  11:29  Queen  
  188  11:30  Zergling x4  
  197  11:33  Hatchery  
  197  11:35  Zergling x8  
  195  11:42  Zergling x16  
  195  11:44  Baneling x4  
  195  11:46  Zergling x4  
  198  11:52  Zergling x16  
  185  11:57  Zergling x8  
  185  12:01  Ultralisk x2  
  181  12:03  Drone x11  
  181  12:04  Drone, Zergling x14  
  181  12:06  Zergling x2  
  175  12:14  Ultralisk  
  163  12:18  Overlord  
  163  12:21  Zergling x10  
  156  12:23  Zergling x2  
  149  12:30  Ultralisk  
  149  12:31  Zergling x8  
  149  12:34  Zergling x2  
  157  12:41  Infestor  
  157  12:43  Zergling x10  
  157  12:44  Zergling x6  
  162  12:47  Spore Crawler  
  158  12:53  Zergling x12  
  158  12:58  Zergling x4  
  166  13:03  Infestor x2  
  171  13:06  Baneling  
  171  13:07  Baneling x7  
  171  13:10  Zergling x2, Baneling x13  
  167  13:15  Zergling x2, Spire  
  167  13:19  Overlord  
  167  13:32  Overlord  
  167  13:33  Zergling x18  
  151  13:44  Ultralisk  
  136  13:53  Zergling x16  
  123  13:58  Drone x3  
  109  14:03  Infestor  
  109  14:04  Zergling x2  
  112  14:11  Zergling x8  
  115  14:18  Ultralisk  
  119  14:25  Zergling x10  
  112  14:43  Infestor  
  113  14:47  Ultralisk  
  119  14:57  Ultralisk  
  116  15:16  Ultralisk x2  
  116  15:18  Zergling x8  
  123  15:25  Zergling x8  
  113  15:28  Zergling x4  
  113  15:34  Zergling x2  
  101  15:41  Zergling x2  
  98  15:45  Drone x23  
  72  16:43  Infestor  
Tags
 
Add a new tag
Caveats
  • Supply blocks, unpowered buildings, or Contaminate may cause inaccurate times.
  • Supply counts are checked every 10 seconds.